 Dungeon Crawl Stone Soup version 0.28.0 (webtiles) character file.

Game seed: 7705445834316291167

4398 crazypyro the Basher (level 10, -12/88 HPs)
             Began as an Ogre Berserker on Feb 10, 2022.
             Was a Priest of Trog.
             Mangled by a two-headed ogre (22 damage)
             ... on level 8 of the Dungeon.
             The game lasted 00:11:07 (8807 turns).

crazypyro the Basher (Ogre Berserker)               Turns: 8807, Time: 00:11:08

Health: -12/88     AC:  6    Str: 27    XL:     10   Next: 35%
Magic:  10/10      EV: 14    Int:  8    God:    Trog [***...]
Gold:   340        SH:  0    Dex:  8    Spells: 9/9 levels left

rFire   + . .      SeeInvis .   d - +1 giant club
rCold   + . .      Faith    .   (shield currently unavailable)
rNeg    . . .      Spirit   .   u - +0 robe {rC+ rF+}
rPois   .          Reflect  .   (helmet restricted)
rElec   .          Harm     .   q - +2 cloak {rCorr}
rCorr   +          Rampage  .   (gloves unavailable)
Will    +....                   (boots unavailable)
Stlth   +.........              (no amulet)
HPRegen 0.24/turn               g - +4 ring of evasion
MPRegen 0.12/turn               s - +4 ring of slaying

@: no status effects
A: large, unfitting armour, tough skin 1, frail 1
a: Renounce Religion, Berserk, Trog's Hand


You were on level 8 of the Dungeon.
You worshipped Trog.
Trog was most pleased with you.
You visited 2 branches of the dungeon, and saw 9 of its levels.

You collected 405 gold pieces.
You spent 65 gold pieces at shops.

Inventory:

Hand Weapons
 a - a +0 mace
 d - a +1 giant club (weapon)
Missiles
 B - a throwing net (quivered)
Armour
 q - a +2 cloak of preservation (worn)
 u - a +0 robe of resistance (worn)
 A - a +1 robe of positive energy
Jewellery
 b - a ring of flight
 g - a +4 ring of evasion (left hand)
 m - a ring of positive energy
 n - a ring of see invisible
 s - a +4 ring of slaying (right hand)
 y - a ring of fire
Wands
 r - a wand of paralysis (6)
 v - a wand of polymorph (23)
 C - a wand of charming (6)
Scrolls
 c - 5 scrolls of teleportation
 f - 2 scrolls of enchant weapon
 i - 3 scrolls of identify
 j - a scroll of noise
 l - a scroll of blinking
Potions
 e - 5 potions of curing
 h - a potion of heal wounds
 k - 3 potions of brilliance {unknown}
 o - a potion of flight {unknown}
 p - 2 potions of lignification {unknown}
 t - 3 potions of might {unknown}
 w - 2 potions of attraction {unknown}
 x - a potion of berserk rage {unknown}
 z - a potion of haste {unknown}


   Skills:
 - Level 6.1 Fighting
 * Level 12.1 Maces & Flails
 + Level 4.9 Armour
 - Level 3.2 Dodging


You had 9 spell levels left.
You didn't know any spells.
Your spell library was empty.

Dungeon Overview and Level Annotations

Branches:
Dungeon (8/15)             Temple (1/1) D:4
   Lair: D:8-11

Altars:
Dithmenos
Fedhas
Qazlal
Sif Muna
Trog
Xom
Yredelemnul
The Shining One

Shops:
D:4 *   D:6 *

Annotations:
D:3 1 runed translucent door, Crazy Yiuf


Innate Abilities, Weirdness & Mutations

You are too large for most types of armour.
You have tough skin. (AC +1)
You are frail. (-10% HP)


Message History

You feel sick.
Things that are here:
a +1 whip of venom; a +0 whip; a gnoll corpse You feel your anger nearly subside.
You are no longer berserk.
You are exhausted.
You feel yourself slow down.
You feel sick.
Things that are here:
a +4 spear of venom; a +0 ring mail of fire resistance; a gnoll corpse You feel the effects of Trog's Hand fading.
You feel sick.
You feel sick.
You feel sick.
You feel sick.
Your skin stops crawling.
You feel less strong-willed.
You feel sick.
You are no longer poisoned.
You feel yourself speed up.
You recover from your berserk rage.
HP restored.
Things that are here:
a +1 whip of venom; a +0 whip; a gnoll skeleton
Found an ebony whip.
Found 15 bolts.
No target in view!
You see here the +7 whip of the Hidden Vale {pain, *Corrode rElec Str-2 Stlth+}.
Found a stone staircase leading down.
A two-headed ogre comes into view. It is wielding two +0 giant clubs.
Found a scroll of teleportation.
A two-headed ogre is nearby!
The two-headed ogre hits you with a +0 giant club! x2
You bludgeon the two-headed ogre!!
The two-headed ogre is moderately wounded.
The two-headed ogre hits you with a +0 giant club!!
The two-headed ogre hits you with a +0 giant club!
You bludgeon the two-headed ogre!!
The two-headed ogre is almost dead.
The two-headed ogre hits you with a +0 giant club!!
* * * LOW HITPOINT WARNING * * *
The two-headed ogre hits you with a +0 giant club!!
You die...

#(.....[.. ..
#........
#.##### #.......
#...?..
###......
#>..... .......
#......####....
#......O......#
#......@# #.#.#
#.......###.#.#
#...........#.#
#...........#.##
######....#....#
..........#.:..#
#..............#
#.........#....#
#......<..#....#


You could see a two-headed ogre.

Vanquished Creatures
  Harold (D:7)
  Joseph (D:7)
  A troll (D:7)
  Prince Ribbit (D:6)
  Duvessa (D:4)
  A water moccasin (D:6)
  5 ice beasts
  An orc warrior (D:6)
  A sky beast (D:7)
  3 necrophages
  4 ogres
  2 centaurs (D:6)
  2 phantoms
  2 bullfrogs (D:7)
  A gnoll sergeant (D:8)
  Dowan (D:4)
  4 wights (D:7)
  A centaur zombie (D:5)
  A gnoll shaman (Temple)
  4 hounds
  6 orc priests
  A bullfrog skeleton (D:5)
  Natasha (thrice) (D:3)
  3 iguanas
  4 orc wizards
  A hound zombie (D:5)
  7 gnolls
  8 adders
  A howler monkey skeleton (D:5)
  A shadow imp (D:6)
  2 white imps
  2 adder skeletons (D:4)
  2 worms (D:3)
  4 dart slugs
  16 orcs
  8 ball pythons
  4 bats
  4 endoplasms
  4 giant cockroaches
  8 goblins
  4 hobgoblins (D:1)
  3 jackals (D:1)
  5 kobolds
  2 quokkas
  3 frilled lizards
  7 rats
151 creatures vanquished.

Notes
Turn   | Place    | Note
-------+----------+-------------------------------------------
     0 | D:1      | crazypyro the Ogre Berserker began the quest for the Orb.
     0 | D:1      | Reached XP level 1. HP: 24/24 MP: 1/1
   122 | D:1      | Reached XP level 2. HP: 26/32 MP: 2/2
   303 | D:1      | Reached skill level 3 in Maces & Flails
   336 | D:1      | Reached XP level 3. HP: 16/40 MP: 3/3
   348 | D:1      | Reached ** piety under Trog
   701 | D:1      | Found a faded altar of an unknown god.
  1448 | D:3      | Reached XP level 4. HP: 44/49 MP: 4/4
  1495 | D:3      | Gained mutation: You are frail. (-10% HP) [potion of
                  | mutation]
  1659 | D:3      | Noticed Natasha
  1659 | D:3      | Noticed an ogre
  1665 | D:3      | Killed Natasha
  1666 | D:3      | Reached skill level 5 in Fighting
  1673 | D:3      | Killed an ogre
  1674 | D:3      | Reached skill level 4 in Maces & Flails
  1674 | D:3      | Reached XP level 5. HP: 52/52 MP: 5/5
  1700 | D:3      | Noticed Natasha
  1927 | D:3      | Reached XP level 6. HP: 36/60 MP: 6/6
  1931 | D:3      | Killed Natasha
  1932 | D:3      | Reached skill level 5 in Maces & Flails
  1998 | D:3      | Noticed Natasha
  2002 | D:3      | Killed Natasha
  2272 | D:3      | Found a runed translucent door.
  2273 | D:3      | Noticed Crazy Yiuf
  2504 | D:4      | Found a staircase to the Ecumenical Temple.
  2536 | Temple   | Entered the Ecumenical Temple
  2851 | D:4      | Found Oneuryuh's General Store.
  2890 | D:4      | Bought a potion of curing for 39 gold pieces
  2890 | D:4      | Bought a scroll of identify for 26 gold pieces
  2898 | D:4      | Found a shimmering altar of Xom.
  2916 | D:4      | Reached XP level 7. HP: 65/67 MP: 7/7
  2956 | D:4      | Noticed Dowan
  2956 | D:4      | Noticed Duvessa
  2967 | D:4      | Killed Duvessa
  2968 | D:4      | Reached skill level 6 in Maces & Flails
  2968 | D:4      | Killed Dowan
  3307 | D:5      | Entered Level 5 of the Dungeon
  3410 | D:5      | Reached skill level 7 in Maces & Flails
  3641 | D:5      | Reached XP level 8. HP: 58/74 MP: 8/8
  3793 | D:5      | Reached skill level 8 in Maces & Flails
  3814 | D:5      | Reached *** piety under Trog
  3817 | D:5      | Found a stormy altar of Qazlal.
  4368 | D:6      | Reached skill level 9 in Maces & Flails
  4424 | D:6      | Found Dyengol's General Store.
  5043 | D:6      | Reached skill level 1 in Armour
  5156 | D:6      | Reached XP level 9. HP: 51/80 MP: 9/9
  5513 | D:6      | Reached skill level 10 in Maces & Flails
  5513 | D:6      | Found a shimmering blue altar of Sif Muna.
  5815 | D:7      | Noticed Joseph
  5815 | D:7      | Noticed Prince Ribbit
  5844 | D:6      | Killed Prince Ribbit
  6740 | D:7      | Killed Joseph
  6886 | D:7      | Noticed Harold
  6902 | D:7      | HP: 6/120 [Harold (9)]
  6904 | D:7      | Killed Harold
  6905 | D:7      | Reached skill level 11 in Maces & Flails
  6905 | D:7      | Reached XP level 10. HP: 8/88 MP: 10/10
  8029 | D:7      | Found a shadowy altar of Dithmenos.
  8176 | D:7      | Reached skill level 12 in Maces & Flails
  8214 | D:7      | Found a glowing golden altar of the Shining One.
  8214 | D:7      | Found a bloodstained altar of Trog.
  8791 | D:8      | Identified the +7 whip of the Hidden Vale {pain, *Corrode
                  | rElec Str-2 Stlth+}
  8802 | D:8      | Noticed a two-headed ogre
  8807 | D:8      | Mangled by a two-headed ogre

Illustrated notes

Levels and vault maps discovered:
D:1:      minmay_arrival_nine_rooms, layout_rooms,
          dreamdust_ecumenical_altar_angels_and_demons, hex_tiny,
          minmay_curled_crystal, minmay_door_square
D:2:      layout_basic
D:3:      layout_rooms, uniq_crazy_yiuf_cottage, uniq_natasha
D:4:      layout_cave_pools, xom_teletrap_fun, minmay_temple_entry_wispy,
          serial_shops, nicolae_square_shop, uniq_duvessa
D:5:      layout_basic, grunt_qazlal_sundering, minivault_23
D:6:      layout_loops_ring, old_standard_altar, serial_shops,
          nicolae_inconvenience_store, corexii_hall_statues_l, solitary_fountain
D:7:      layout_loops_cross, mainiacjoe_overflow_cross_hatched,
          gammafunk_temple_overflow_pools, uniq_joseph, uniq_prince_ribbit1,
          uniq_harold
D:8:      layout_basic, chequers_temple_overflow_statue_of_worship, kb_rosetta
Temple:   jpeg_temple_island

Skill      XL: |  1  2  3  4  5  6  7  8  9 10 |
---------------+-------------------------------+-----
Maces & Flails | 3 4 5 7 9 11 12 | 12.1
Dodging        | 3 |  3.2
Fighting       | 5 6 |  6.1
Armour         | 1 4 |  4.9

Action                   |  1- 3 |  4- 6 |  7- 9 | 10-12 || total
-------------------------+-------+-------+-------+-------++-------
Melee: Mace              |   127 |    28 |       |       ||   155
       Punch             |     3 |       |       |       ||     3
       Giant club        |       |    68 |   173 |    59 ||   300
Invok: Berserk           |     1 |     3 |     4 |     1 ||     9
       Trog's Hand       |       |     3 |     4 |     2 ||     9
  Use: Potion            |     1 |     1 |     1 |     1 ||     4
       Scroll            |       |     4 |     6 |     3 ||    13
 Stab: Sleeping          |     1 |       |       |     1 ||     2
Armor: Animal skin       |    41 |    11 |    32 |       ||    84
       Robe              |       |       |       |     8 ||     8
Dodge: Dodged            |    97 |    82 |   140 |    37 ||   356
